 Dungeon Crawl Stone Soup version 0.22-a0-558-gc224181 (webtiles) character file.

10674 Firecrotchwizard the Basher (level 11, -27/62 HPs)
             Began as a Vine Stalker Monk on June 27, 2018.
             Was the Champion of Ru.
             Annihilated by a death knight
             ... wielding a +0 glaive
              (30 damage)
             ... on level 11 of the Dungeon.
             The game lasted 00:28:17 (10868 turns).

Firecrotchwizard the Basher (Vine Stalker Monk)    Turns: 10868, Time: 00:28:17

Health: -27/62     AC: 17    Str: 17    XL:     11   Next: 65%
Magic:  0/21       EV: 11    Int: 10    God:    Ru [******]
Gold:   751        SH:  0    Dex: 17    Spells: 10/10 levels left

rFire    + . .     SeeInvis .   g - +1 morningstar
rCold    . . .     Gourm    .   (no shield)
rNeg     . . .     Faith    .   C - +0 scale mail
rPois    +         Spirit   +   f - +2 helmet
rElec    .         Reflect  .   E - +2 cloak {rPois}
rCorr    .         Harm     .   q - +2 pair of gloves
MR       .....                  J - +0 pair of boots (curse)
Stlth    +.........             (no amulet)
HPRegen  0.60/turn              A - ring of magical power {MP+9}
MPRegen  0.17/turn              H - ring of protection from fire {rF+, !d}

@: no potions
A: fangs 3, regeneration 1, magic shield, antimagic bite, no potion heal 3, rot
immunity, inability to drink while threatened, hated by all, no charms magic, no
fire magic, no hexes magic, magic vulnerability 1, unskilled 1
a: Draw Out Power, Power Leap, Apocalypse, Renounce Religion


You were on level 11 of the Dungeon.
You worshipped Ru.
Ru was exalted by your worship.
You were not hungry.

You visited 2 branches of the dungeon, and saw 12 of its levels.
You also visited: Ossuary.

You collected 751 gold pieces.

Inventory:

Hand Weapons
 g - a +1 morningstar (weapon)
   (You took it off a wight on level 10 of the Dungeon)
 B - a +1 flail of holy wrath
   (You took it off Edmund on level 5 of the Dungeon)
 G - a +1 flail of draining
   (You took it off an orc on level 9 of the Dungeon)
Missiles
 n - 10 throwing nets {=f, !d}
Armour
 f - a +2 helmet (worn)
   (You found it on level 1 of the Dungeon)
 q - a +2 pair of gloves (worn)
   (You found it on level 6 of the Dungeon)
 C - a +0 scale mail (worn)
   (You took it off Edmund on level 5 of the Dungeon)
 D - a +1 chain mail of fire resistance
   (You took it off an orc on level 9 of the Dungeon)
 E - a +2 cloak of poison resistance (worn)
   (You took it off Maurice on level 9 of the Dungeon)
 J - a cursed +0 pair of boots (worn)
   (You found it on level 10 of the Dungeon)
Jewellery
 r - a cursed amulet of guardian spirit {unknown}
   (You found it on level 11 of the Dungeon)
 A - a ring of magical power (left hand) {MP+9}
   (You found it on level 5 of the Dungeon)
 H - a ring of protection from fire (right hand) {rF+, !d}
   (You found it on level 9 of the Dungeon)
Wands
 h - a wand of polymorph (13)
   (You found it on level 10 of the Dungeon)
 t - a wand of acid (4)
   (You found it on level 3 of the Dungeon)
 u - a wand of scattershot (5)
   (You found it on level 6 of the Dungeon)
 F - a wand of paralysis (17)
   (You found it on level 11 of the Dungeon)
Scrolls
 d - 14 scrolls of teleportation
 e - 13 scrolls of identify
 k - 6 scrolls of remove curse
 l - a scroll of enchant armour
 o - 4 scrolls of amnesia
 p - a scroll of blinking {!r}
 y - a scroll of fear
Potions
 a - 3 potions of curing
 b - 6 potions of lignification {unknown}
 j - 2 potions of flight
 m - a potion of invisibility {unknown}
 s - a potion of heal wounds {unknown}
 v - 4 potions of ambrosia {unknown}
 w - 3 potions of cancellation {unknown}
 x - a potion of resistance {unknown}
 z - 3 potions of degeneration {unknown}
 I - a potion of mutation {unknown}
Comestibles
 c - 14 rations {@e1}
 i - 2 chunks of flesh {@w0}


   Skills:
 + Level 9.2 Fighting
 - Level 11.8 Maces & Flails
 + Level 2.4 Armour
 + Level 3.4 Dodging
 - Level 2.1 Stealth


You had 10 spell levels left.
You didn't know any spells.
Your spell library was empty.

Dungeon Overview and Level Annotations

Branches:
Dungeon (11/15)            Temple (1/1) D:5            Lair (0/6) D:11
    Orc (0/2) D:11

Altars:
Ashenzari
Cheibriados
Dithmenos
Elyvilon
Fedhas
Gozag
Hepliaklqana
Kikubaaqudgha
Makhleb
Nemelex Xobeh
Okawaru
Qazlal
Ru
Sif Muna
Trog
Uskayaw
Vehumet
Wu Jian
Xom
Yredelemnul
Zin
The Shining One

Annotations:
D:2 exclusion: jelly


Innate Abilities, Weirdness & Mutations

You have razor-sharp teeth.
Your natural rate of healing is unusually fast.
When hurt, damage is shared between your health and your magic reserves.
Your bite disrupts and absorbs the magic of your enemies.
Potions cannot restore your health.
You are immune to rotting.
You cannot drink potions while threatened.
You are hated by all.
You cannot study or cast Charms magic.
You cannot study or cast Fire magic.
You cannot study or cast Hexes magic.
You are slightly vulnerable to magic. (MR-)
You are somewhat unskilled. (-1 Apt)


Message History

You drain its power.
The green ugly thing engulfs you but does no damage.
You puncture the green ugly thing! You bite the green ugly thing.
You drain its power. The green ugly thing barely misses you.
You puncture the green ugly thing!
The green ugly thing is stunned by your will and fails to attack.
Health restored: 62 You sock the green ugly thing!
You kill the green ugly thing!
No target in view!
I - an amethyst potion
Things that are here:
a whip; a ring mail
Things that are here:
a dagger x2; an embroidered robe
Things that are here:
a trident; a leather armour A death knight comes into view.
It is wielding a glaive.
The death knight shouts!
The death knight moves out of view.
The death knight is too close now for your liking.
A death knight is nearby!
The death knight hits you but does no damage.
You hit the death knight but do no damage.
You bite the death knight. You drain its power.
The death knight mumbles some strange prayers to Yredelemnul against you.
Your body is wracked with pain!
You take 22 damage, and have 40/62 hp.
MASSIVE DAMAGE!!
You now have 13/21 mp.
You thump the death knight! You bite the death knight! You drain its power.
You feel invigorated.
The death knight begins to pray, but is stunned by your will!
MP restored: 21 You impale the death knight!!
You bite the death knight, but do no damage.
You redirect the death knight's attack!
The death knight hits you but does no damage.
You completely miss the death knight. You bite the death knight.
You drain its power.
The death knight hits you with a glaive.
You now have 20/21 mp.
You impale the death knight!!
You bite the death knight, but do no damage.
You hit the death knight.
The death knight hits you with a glaive!!
You feel threatened and lose the ability to drink potions!
You take 12 damage, and have 29/62 hp.
You now have 14/21 mp.
You closely miss the death knight.
The death knight offers itself to Yredelemnul, and fills with unholy energy.
You closely miss the death knight.
The death knight hits you with a glaive.
You take 3 damage, and have 26/62 hp.
You now have 12/21 mp.
You closely miss the death knight.
You hit the death knight but do no damage.
The death knight mumbles some strange prayers to Yredelemnul against you.
Your body is wracked with pain!
You take 7 damage, and have 19/62 hp.
You now have 9/21 mp.
You barely miss the death knight. Your bite misses the death knight.
The death knight misses you.
You hit the death knight but do no damage.
You bite the death knight, but do no damage.
The death knight hits you with a glaive!
* * * LOW HITPOINT WARNING * * *
You take 11 damage, and have 9/62 hp.
You now have 3/21 mp.
You hit the death knight but do no damage.
You bite the death knight, but do no damage.
Unknown command.
The death knight hits you but does no damage.
The death knight calls down the wrath of Yredelemnul upon you.
Your body is wracked with pain!
* * * LOW HITPOINT WARNING * * *
You take 2 damage, and have 8/62 hp.
You now have 2/21 mp.
The death knight's dark mirror aura disappears.
The death knight begins to pray, but is stunned by your will!
The death knight hits you with a glaive.
* * * LOW HITPOINT WARNING * * *
You take 2 damage, and have 8/62 hp.
Unknown command.
You hit the death knight but do no damage.
You bite the death knight. You drain its power.
You feel invigorated. The death knight closely misses you.
You regained 2 mp, and now have 5/21 mp.
Your scale mail prevents you from hitting the death knight.
You hit the death knight but do no damage.
Your bite misses the death knight.
The death knight begins to pray, but is stunned by your will!
You closely miss the death knight. Your bite misses the death knight.
The death knight hits you but does no damage.
You closely miss the death knight. You bite the death knight.
You drain its power.
You feel invigorated.
The death knight hits you with a glaive!!
* * * LOW HITPOINT WARNING * * *
You focus your will and slow the death knight in retribution!
You take 8 damage, and have 2/62 hp.
You now have 0/21 mp.
You hit the death knight but do no damage.
Your bite misses the death knight.
You hit the death knight but do no damage.
The death knight hits you with a glaive!!
You die...

,**,,***#).#...## **.#***#......
**,,,,,.#.......####...,,........
*,,,,,,...............,,,........
,,,,,,,.............,,,,,.#...(..
,,,,,,,..........#*,.....*##.....
,,,,,,,,**#......#*#....** #...#.
,,,,,,,,* ##..#..###...#* ##.###
,,,,*,,** ##.#.p.##...###**#.***
,,,**,,** #.##@..#......,,,,,,,
,,****,,****#.##...#...#***,,,,,*
,** *,,,,,*..#........# **,..**
,* **,,.........#.....# **...**
,** *,,,......#####.)..## *....,,
.,****,*#.....** #.))..#*#....**
,*,**,*,##...,,** #....†##...#,,*
****,**,,##..,,,**#.........#**,,
* *,,,,,*,#..**,,.#.....>##.#**,,


You could see a death knight.

Vanquished Creatures
  2 two-headed ogres (D:10)
  An unseen horror (D:10)
  A cyclops (D:10)
  An ugly thing (D:11)
  An elephant (D:11)
  Maurice (D:9)
  Prince Ribbit (D:5)
  A hippogriff (D:10)
  A wyvern (D:10)
  Eustachio (D:5)
  6 yaks (D:11)
  A basilisk (D:11)
  Edmund (D:5)
  An orc warrior (D:9)
  3 sky beasts
  3 phantoms
  2 black bears
  A necrophage (D:11)
  4 ogres
  A wolf (D:9)
  2 centaurs
  A crocodile (D:11)
  A big kobold (D:10)
  2 bullfrogs
  An elf zombie (D:6)
  4 gnoll sergeants (D:9)
  An elf skeleton (D:6)
  3 scorpions
  A water moccasin skeleton (D:7)
  6 killer bees (D:10)
  7 wights
  3 electric eels (D:9)
  4 howler monkeys
  5 crimson imps
  3 centaur zombies
  A quasit (D:6)
  2 jellies
  2 centaur skeletons (D:11)
  2 human zombies (Ossuary)
  7 orc priests
  2 bullfrog skeletons
  15 hounds
  2 gnoll shamans (D:9)
  6 iguanas
  13 orc wizards
  7 worker ants
  2 mummies (Ossuary)
  A worker ant zombie (D:8)
  40 gnolls
  11 adders
  An ooze (D:2)
  An adder skeleton (D:4)
  An adder zombie (D:4)
  A dart slug (D:4)
  A leopard gecko (D:3)
  33 orcs
  2 ball pythons (D:1)
  5 giant cockroaches
  6 goblins
  10 hobgoblins
  29 jackals
  6 quokkas
  8 bats
  8 frilled lizards
  A giant cockroach zombie (D:5)
  A goblin zombie (Ossuary)
  9 hobgoblin zombies (Ossuary)
  4 jackal zombies (Ossuary)
  13 kobolds
  8 kobold zombies (Ossuary)
  2 orc skeletons (D:6)
  12 orc zombies
  A quokka skeleton (D:4)
  2 rats
  2 rat zombies (Ossuary)
  A spectral orc (D:7)
359 creatures vanquished.

Vanquished Creatures (others)
  An ice beast (D:7)
  A quokka (D:9)
2 creatures vanquished.

Grand Total: 361 creatures vanquished

Notes
Turn   | Place    | Note
-------+----------+-------------------------------------------
     0 | D:1      | Firecrotchwizard the Vine Stalker Monk began the quest for the Orb.
     0 | D:1      | Reached XP level 1. HP: 11/11 MP: 2/2
   340 | D:1      | Reached skill level 3 in Maces & Flails
   377 | D:1      | Reached XP level 2. HP: 15/16 MP: 3/3
   516 | D:1      | You fall through a shaft!
   516 | D:2      | Found a shattered altar of Ashenzari.
   610 | D:1      | Reached skill level 3 in Fighting
   794 | D:1      | Reached XP level 3. HP: 20/20 MP: 4/4
  2029 | D:2      | HP: 5/20 [frilled lizard (3)]
  2030 | D:2      | Gained mutation: Your natural rate of healing is unusually fast. [Vine Stalker growth]
  2030 | D:2      | Reached XP level 4. HP: 7/24 MP: 2/5
  2122 | D:2      | Reached skill level 4 in Maces & Flails
  2340 | D:2      | HP: 4/24 [gnoll/halberd (12)]
  2343 | D:2      | HP: 1/24 [gnoll/spear (4)]
  2611 | D:3      | Reached XP level 5. HP: 28/28 MP: 6/6
  2881 | D:3      | Found a hide-covered altar of Uskayaw.
  3426 | D:4      | Noticed an ogre
  3437 | D:4      | Killed an ogre
  3437 | D:4      | Reached skill level 4 in Fighting
  3437 | D:4      | Reached skill level 5 in Maces & Flails
  3437 | D:4      | Reached XP level 6. HP: 10/33 MP: 2/7
  3442 | D:4      | HP: 6/33 [iguana (5)]
  3444 | D:4      | HP: 1/33 [iguana (3)]
  3553 | D:4      | HP: 8/33 [poisoned by an orc wizard]
  3555 | D:4      | HP: 2/33 [poisoned by an orc wizard]
  3665 | D:4      | Reached XP level 7. HP: 35/38 MP: 6/8
  3722 | D:4      | Reached skill level 6 in Maces & Flails
  4129 | D:5      | Entered Level 5 of the Dungeon
  4231 | D:5      | Noticed Prince Ribbit
  4358 | D:5      | Noticed Edmund
  4363 | D:5      | Killed Edmund
  4363 | D:5      | Reached skill level 5 in Fighting
  4533 | D:5      | Found a staircase to the Ecumenical Temple.
  4548 | Temple   | Entered the Ecumenical Temple
  4658 | Temple   | Became a worshipper of Ru the Awakened
  4673 | Temple   | Gained mutation: You cannot study or cast Fire magic. [Ru sacrifice]
  4673 | Temple   | Gained mutation: You cannot study or cast Hexes magic. [Ru sacrifice]
  4673 | Temple   | Gained mutation: You cannot study or cast Charms magic. [Ru sacrifice]
  4673 | Temple   | Reached * piety under Ru
  4684 | D:5      | HP: 6/39 [Prince Ribbit (6)]
  4714 | D:5      | Killed Prince Ribbit
  4714 | D:5      | Reached skill level 7 in Maces & Flails
  4714 | D:5      | Gained mutation: You have razor-sharp teeth. [Vine Stalker growth]
  4714 | D:5      | Reached XP level 8. HP: 18/44 MP: 9/9
  4955 | D:5      | Noticed Eustachio
  4984 | D:5      | Killed Eustachio
  5358 | D:6      | Reached skill level 8 in Maces & Flails
  5361 | D:6      | Reached skill level 6 in Fighting
  5605 | D:6      | Found a sand-covered staircase.
  5617 | Ossuary  | Entered an ossuary
  5872 | D:6      | Found a shimmering altar of Xom.
  5997 | D:6      | Found an opulent altar of Gozag.
  6154 | D:6      | Reached XP level 9. HP: 49/49 MP: 10/10
  6278 | D:6      | Gained mutation: You are slightly vulnerable to magic. (MR-) [Ru sacrifice]
  6278 | D:6      | Reached ** piety under Ru
  6327 | D:6      | Reached skill level 9 in Maces & Flails
  6339 | D:6      | Found a burning altar of Makhleb.
  6576 | D:7      | Found a white marble altar of Elyvilon.
  6697 | D:7      | Reached skill level 7 in Fighting
  6969 | D:7      | Found a basalt altar of Yredelemnul.
  6999 | D:7      | Found a hazy altar of Hepliaklqana.
  6999 | D:7      | Found a burning altar of Makhleb.
  7000 | D:7      | Found a stormy altar of Qazlal.
  7199 | D:8      | Reached skill level 10 in Maces & Flails
  7674 | D:9      | Gained mutation: You are hated by all. [Ru sacrifice]
  7674 | D:9      | Reached *** piety under Ru
  7792 | D:9      | Reached XP level 10. HP: 56/56 MP: 11/11
  7831 | D:9      | Noticed Maurice
  7835 | D:9      | Killed Maurice
  7835 | D:9      | Reached skill level 8 in Fighting
  7835 | D:9      | Reached skill level 11 in Maces & Flails
  8610 | D:9      | Found a snail-covered altar of Cheibriados.
  8664 | D:9      | HP: 11/57 [electric eel/bolt of electricity (6)]
  8669 | D:9      | HP: 10/57 [electric eel/bolt of electricity (4)]
  8671 | D:9      | HP: 3/57 [electric eel/bolt of electricity (8)]
  8680 | D:9      | HP: 4/57 [gnoll/flail (4)]
  9263 | D:10     | Entered Level 10 of the Dungeon
  9290 | D:10     | Gained mutation: You cannot drink potions while threatened. [Ru sacrifice]
  9290 | D:10     | Reached **** piety under Ru
  9290 | D:10     | Reached ***** piety under Ru
  9303 | D:10     | Noticed a two-headed ogre
  9309 | D:10     | Noticed a two-headed ogre
  9312 | D:10     | Killed a two-headed ogre
  9312 | D:10     | Reached skill level 9 in Fighting
  9312 | D:10     | Reached skill level 12 in Maces & Flails
  9316 | D:10     | HP: 14/58 [orc priest/divine providence (8)]
  9421 | D:10     | Killed a two-headed ogre
  9421 | D:10     | Reached XP level 11. HP: 32/62 MP: 12/12
  9677 | D:10     | Killed an unseen horror
 10149 | D:10     | Noticed a cyclops
 10155 | D:10     | Killed a cyclops
 10155 | D:10     | Reached skill level 1 in Armour
 10463 | D:11     | Reached skill level 3 in Dodging
 10468 | D:11     | Found a staircase to the Lair.
 10544 | D:11     | Reached skill level 2 in Armour
 10673 | D:11     | Found a staircase to the Orcish Mines.
 10805 | D:11     | Gained mutation: You are somewhat unskilled. (-1 Apt) [Ru sacrifice]
 10805 | D:11     | Reduced skill Maces & Flails to level 11
 10805 | D:11     | Reached ****** piety under Ru
 10815 | D:11     | Noticed a green ugly thing
 10827 | D:11     | Killed a green ugly thing
 10837 | D:11     | Noticed a death knight
 10853 | D:11     | HP: 9/62 [death knight/glaive (11)]
 10861 | D:11     | HP: 8/62 [death knight/glaive (3)]
 10866 | D:11     | HP: 2/62 [death knight/glaive (9)]
 10868 | D:11     | Annihilated by a death knight

Vault maps used:
D:1:      ebering_trefoil_3fold, minmay_misc_feat_cross, columned_hall_lemuel
D:2:      ashenzari_conservatory_becter, roderic_lattice_a
D:3:      eat_drink_and_be_merry_uskayaw
D:4:      first_ration
D:5:      minmay_temple_entry_butterflies, uniq_eustachio, uniq_prince_ribbit1,
          uniq_edmund
D:6:      lemuel_round_altar, nicolae_ossuary_entry_catacombs,
          hangedman_feature_mirror
D:7:      overflow_temple_1_default, yredelemnul_forgotten_temple_becter,
          gammafunk_temple_overflow_forgotten
D:9:      lemuel_coloured_pillars_altar, serial_gnoll_camp,
          gnoll_camp_mini_house, gnoll_camp_huts_moat, gnoll_camp_mini_doghouse,
          gnoll_camp_mini_doghouse, gnoll_camp_medium_01, gnoll_camp_mini_hut,
          uniq_maurice
D:11:     minmay_bloctagon_deflated, david_lair_generic, hangedman_fish_farm,
          grunt_decor_arrowhead, david_defended_altar_orc
Temple:   dshaligram_water_room_temple
Ossuary:  ossuary_tomb_1

Skill      XL: |  1  2  3  4  5  6  7  8  9 10 11 |
---------------+----------------------------------+-----
Maces & Flails | 3 4 5 7 8 10 12 11 | 11.8
Fighting       | 3 4 5 6 7 9 |  9.2
Armour         | 2 |  2.4
Dodging        | 3 |  3.4
Stealth        | |  2.1

Action                   |  1- 3 |  4- 6 |  7- 9 | 10-12 || total
-------------------------+-------+-------+-------+-------++-------
Melee: Mace              |   126 |   121 |       |       ||   247
       Bite              |    26 |    43 |   125 |   156 ||   350
       Flail             |       |    14 |   435 |   307 ||   756
       Morningstar       |       |       |       |   180 ||   180
Invok: Sacrifice Arcana  |       |       |     1 |       ||     1
       Sacrifice Essence |       |       |     1 |       ||     1
       Sacrifice Love    |       |       |     1 |       ||     1
       Power Leap        |       |       |       |     1 ||     1
       Sacrifice Drink   |       |       |       |     1 ||     1
       Sacrifice Skill   |       |       |       |     1 ||     1
Evoke: Wand              |       |       |     2 |     2 ||     4
  Use: Potion            |     2 |     2 |       |       ||     4
       Scroll            |       |       |     9 |     3 ||    12
 Stab: Sleeping          |     5 |     3 |       |       ||     8
       Distracted        |       |       |       |     5 ||     5
       Invisible         |       |       |       |     3 ||     3
       Paralysed         |       |       |       |     1 ||     1
  Eat: Chunk             |     4 |     3 |     9 |    10 ||    26
       Ration            |       |     1 |     1 |       ||     2
Armor: Robe              |    59 |    11 |       |       ||    70
       Ring mail         |       |    42 |    17 |       ||    59
       Scale mail        |       |       |   175 |   305 ||   480
Dodge: Dodged            |   126 |    94 |   202 |   243 ||   665

Table legend:
 A = Spawn XP
 B = Non-spawn XP
 C = Spawn XP percentage of total XP
 D = Spawn monster count
 E = Non-spawn monster count
 F = Spawn count percentage of total count
 G = Total turns spent on level
                    A         B        C        D         E        F      G
               +---------+---------+-------+---------+---------+-------+---------
         Total |       0 |   15249 |   0.0 |       0 |     360 |   0.0 | 10868
               +---------+---------+-------+---------+---------+-------+---------
           D:1 |       0 |      46 |   0.0 |       0 |      27 |   0.0 |  1563
           D:2 |       0 |     115 |   0.0 |       0 |      23 |   0.0 |  1004
           D:3 |       0 |      80 |   0.0 |       0 |      22 |   0.0 |   854
           D:4 |       0 |     468 |   0.0 |       0 |      15 |   0.0 |   708
           D:5 |       0 |    1018 |   0.0 |       0 |      15 |   0.0 |  1092
           D:6 |       0 |     670 |   0.0 |       0 |      27 |   0.0 |   954
           D:7 |       0 |    1002 |   0.0 |       0 |      19 |   0.0 |   534
           D:8 |       0 |     614 |   0.0 |       0 |      13 |   0.0 |   623
           D:9 |       0 |    3352 |   0.0 |       0 |      85 |   0.0 |  1675
          D:10 |       0 |    4726 |   0.0 |       0 |      48 |   0.0 |   897
          D:11 |       0 |    2961 |   0.0 |       0 |      27 |   0.0 |   626
       Ossuary |       0 |     197 |   0.0 |       0 |      39 |   0.0 |   206
               +---------+---------+-------+---------+---------+-------+---------

Vault maps used:
D:1:      ebering_trefoil_3fold, minmay_misc_feat_cross, columned_hall_lemuel
D:2:      ashenzari_conservatory_becter, roderic_lattice_a
D:3:      eat_drink_and_be_merry_uskayaw
D:4:      first_ration
D:5:      minmay_temple_entry_butterflies, uniq_eustachio, uniq_prince_ribbit1,
          uniq_edmund
D:6:      lemuel_round_altar, nicolae_ossuary_entry_catacombs,
          hangedman_feature_mirror
D:7:      overflow_temple_1_default, yredelemnul_forgotten_temple_becter,
          gammafunk_temple_overflow_forgotten
D:9:      lemuel_coloured_pillars_altar, serial_gnoll_camp,
          gnoll_camp_mini_house, gnoll_camp_huts_moat, gnoll_camp_mini_doghouse,
          gnoll_camp_mini_doghouse, gnoll_camp_medium_01, gnoll_camp_mini_hut,
          uniq_maurice
D:11:     minmay_bloctagon_deflated, david_lair_generic, hangedman_fish_farm,
          grunt_decor_arrowhead, david_defended_altar_orc
Temple:   dshaligram_water_room_temple
Ossuary:  ossuary_tomb_1

Table legend:
 A = Turns spent in this place as a percentage of turns spent in the entire game.
 B = Non-inter-level travel turns spent in this place as a percentage of non-inter-level travel turns spent in the entire game.
 C = Inter-level travel turns spent in this place as a percentage of turns spent in this place.
 D = Turns resting spent in this place as a percentage of non-inter-level travel turns spent in this place.
 E = Turns spent auto-exploring this place as a percentage of non-inter-level travel turns spent in this place.
 F = Non-inter-level travel turns spent in this place divided by the number of levels of this place that you've seen.
                   A       B       C       D       E      F
               +-------+-------+-------+-------+-------+----------------------
         Total | 100.0 | 100.0 |   5.3 |  17.3 |  54.0 | 791.8
       Dungeon |  96.9 |  96.9 |   5.3 |  17.8 |  54.1 | 906.7
        Temple |   1.2 |   1.1 |  14.4 |   0.0 |  61.1 | 113.0
       Ossuary |   1.9 |   2.0 |   0.0 |   0.0 |  43.2 | 206.0
               +-------+-------+-------+-------+-------+----------------------

Table legend:
 A = Kills in this place as a percentage of kills in entire the game.
 B = Kills by you in this place as a percentage of kills by you in the entire game.
 C = Kills by friends in this place as a percentage of kills by friends in the entire game.
 D = Other kills in this place as a percentage of other kills in the entire game.
 E = Experience gained in this place as a percentage of experience gained in the entire game.
 F = Experience gained in this place divided by the number of levels of this place that you have seen.
                   A       B       C       D       E      F
               +-------+-------+-------+-------+-------+----------------------
         Total | 100.0 | 100.0 |   N/A | 100.0 | 100.0 | 1173.0
       Dungeon |  89.2 |  89.1 |   N/A | 100.0 |  98.7 | 1368.4
       Ossuary |  10.8 |  10.9 |   N/A |   0.0 |   1.3 | 197.0
               +-------+-------+-------+-------+-------+----------------------
